 Dungeon Crawl Stone Soup version 0.30-a0-718-geaa24f5 (webtiles) character file.

Game seed: 14249363589770826537

1074 malesh the Insei (level 8, -1/57 HPs)
             Began as an Octopode Transmuter on Jan 25, 2023.
             Was an Initiate of Ashenzari.
             Killed from afar by Duvessa (16 damage)
             ... with a bolt of dispelling energy
             ... on level 7 of the Dungeon.
             The game lasted 00:25:24 (5973 turns).

malesh the Insei (Octopode Transmuter)              Turns: 5973, Time: 00:25:25

Health: -1/57      AC:  1    Str: 12    XL:     8   Next: 29%
Magic:  13/13      EV: 14    Int: 15    God:    Ashenzari [......]
Gold:   1422       SH:  0    Dex: 12    Spells: 4/14 levels left

rFire   + . .      SeeInvis +      - Unarmed
rCold   . . .      Faith    .    (no shield)
rNeg    . . .      Spirit   .    (helmet restricted)
rPois   +          Reflect  .    (no amulet)
rElec   .          Harm     .    h - ring of the Tethered Negation {SInv, Cun, Fort} (curse)
rCorr   .          Rampage  .    (no ring)
Will    .....                    (no ring)
Stlth   +++                      (no ring)
HPRegen 0.29/turn                (no ring)
MPRegen 0.13/turn                (no ring)
                                 (no ring)
                                 (no ring)

@: no status effects
A: almost no armour, amphibious, 8 rings, camouflage 1, gelatinous body 1,
(nimble swimmer 1), tentacles, fire resistance 1, poison resistance, robust 1
a: Renounce Religion, Shatter the Chains


You were on level 7 of the Dungeon.
You worshipped Ashenzari.
Ashenzari was noncommittal.
You visited 2 branches of the dungeon, and saw 8 of its levels.

You collected 1422 gold pieces.

Inventory:

Missiles
 f - 6 boomerangs of dispersal
 k - 5 poisoned darts
 l - 3 boomerangs
Jewellery
 d - a +6 ring of strength
 h - the cursed ring of the Tethered Negation (left tentacle) {SInv, Cun, Fort}
   (You found it on level 3 of the Dungeon)

   [ring of see invisible]

   SInv:      It lets you see invisible.
   It has a curse which improves the following skills: Cunning: Dodging and
   Stealth.
   Fortitude: Shields.
 s - a ring of protection from cold
Wands
 j - a wand of charming (2)
 w - a wand of flame (27)
Scrolls
 b - a scroll of enchant weapon
 e - 5 scrolls of teleportation
 g - a scroll of fog
 p - a scroll of amnesia {unknown}
 r - a scroll of vulnerability {unknown}
 u - 2 scrolls of identify
Potions
 a - a potion of lignification
 c - a potion of might {unknown}
 i - 2 potions of attraction
 m - 2 potions of flight {unknown}
 n - a potion of invisibility {unknown}
 o - a potion of ambrosia {unknown}
 q - 2 potions of heal wounds {unknown}
 t - a potion of curing
 v - a potion of resistance {unknown}


   Skills:
 + Level 3.4 Fighting
 + Level 4.2(4.6) Dodging
 + Level 1.2(1.5) Stealth
 * Level 5.9 Unarmed Combat
 + Level 3.6 Spellcasting
 * Level 4.5 Transmutations
 + Level 1.2 Ice Magic
 - Level 2.0 Poison Magic


You had 4 spell levels left.
You knew the following spells:

 Your Spells              Type           Power      Damage    Failure   Level
a - Beastly Appendage     Tmut           32%        N/A       3%          1
b - Wereblood             Tmut           16%        N/A       4%          2
c - Spider Form           Tmut/Pois      12%        N/A       16%         3
d - Ice Form              Ice/Tmut       11%        N/A       50%         4

Your spell library contained the following spells:

 Spells                   Type           Power      Damage    Failure   Level
 Necrotise                Necr           8%         1d4       19%         1
 Vampiric Draining        Necr           2%         2d6       50%         3
 Agony                    Necr           2%         N/A       99%         5


Dungeon Overview and Level Annotations

Branches:
Dungeon (7/15)             Temple (1/1) D:5

Altars:
Ashenzari
Cheibriados
Dithmenos
Elyvilon
Gozag
Kikubaaqudgha
Makhleb
Nemelex Xobeh
Okawaru
Ru
Trog
Xom
Yredelemnul
Zin

Annotations:
D:2 Sigmund
D:7 Dowan, Duvessa


Innate Abilities, Weirdness & Mutations

You cannot wear most types of armour.
You are amphibious.
You can wear up to eight rings at the same time.
Your skin changes colour to match your surroundings (Stealth+).
Your rubbery body absorbs attacks. (AC +1, EV +1)
((You are camouflaged when in or above water. (Stealth+)))
You have tentacles for arms and can constrict up to eight enemies at once.
Your flesh is heat resistant. (rF+)
Your system is resistant to poisons. (rPois)
You are robust. (+10% HP)


Message History

You barely miss the steam dragon. The steam dragon bites you.
The steam dragon closely misses you.
You hit the steam dragon.
The steam dragon is moderately wounded.
The steam dragon breathes steam at you. The ball of steam hits you!!
You hear a shout! x2
You hit the steam dragon but do no damage.
The steam dragon is poisoned.
The steam dragon is moderately wounded.
You are engulfed in a cloud of scalding steam.
The steam dragon misses you. The steam dragon barely misses you.
The steam dragon barely misses you. The steam dragon claws you.
You bite the steam dragon!
The steam dragon looks as sick as possible!
The steam dragon is heavily wounded.
The steam dragon closely misses you. The steam dragon misses you.
Found 2 stones and 16 gold pieces.
The steam dragon barely misses you. The steam dragon misses you.
You hit the steam dragon.
The steam dragon looks as sick as possible!
The steam dragon is almost dead.
The steam dragon breathes steam at you. The ball of steam misses you.
Your transformation is almost over.
You kill the steam dragon!
Your Stealth skill increases to level 1!
Duvessa zaps a wand.
The bolt of dispelling energy misses you.
Duvessa zaps a wand.
The bolt of dispelling energy misses you.
Your transformation has ended.
Duvessa zaps a wand.
The bolt of dispelling energy hits you!
* * * LOW HITPOINT WARNING * * *
Dowan casts a spell at Duvessa.
Duvessa seems to speed up.
Duvessa zaps a wand.
The bolt of dispelling energy misses you.
Duvessa zaps a wand.
The bolt of dispelling energy hits you!
You die...

########### ####
#.))@.....########...
##)######.e.e........
#.).#############...
###...### #.†.
###...## ##.. ###..#
.... #.......#.$....
...#.##..e......
....# .# #...#.##


You could see Duvessa (fast).

Vanquished Creatures
  A steam dragon (D:7)
  An ice beast (D:5)
  An ogre (D:4)
  A scorpion (D:6)
  A necrophage (D:6)
  2 howler monkeys (D:6)
  An orc priest (D:6)
  2 hounds
  A jelly (D:5)
  Jessica (D:2)
  4 orc wizards
  Ijyb (D:3)
  Robin (D:4)
  7 gnolls
  7 adders
  A shadow imp (D:6)
  An ufetubus (D:6)
  A worm (D:5)
  3 dart slugs
  23 orcs
  10 ball pythons
  6 endoplasms
  10 giant cockroaches
  16 goblins
  9 hobgoblins
  6 jackals
  3 kobolds
  6 quokkas
  9 bats
  3 frilled lizards
  5 rats
144 creatures vanquished.

Notes
Turn   | Place    | Note
-------+----------+-------------------------------------------
     0 | D:1      | malesh the Octopode Transmuter began the quest for the Orb.
     0 | D:1      | Reached XP level 1. HP: 13/13 MP: 3/3
    86 | D:1      | Reached XP level 2. HP: 16/18 MP: 3/5
   246 | D:1      | Learned a level 2 spell: Wereblood
   264 | D:1      | Reached XP level 3. HP: 23/23 MP: 2/6
   541 | D:1      | Found a faded altar of an unknown god.
  1024 | D:2      | Reached XP level 4. HP: 28/28 MP: 7/7
  1077 | D:2      | Noticed Jessica
  1081 | D:2      | Killed Jessica
  1082 | D:2      | Reached skill level 4 in Unarmed Combat
  1185 | D:2      | Noticed Sigmund
  1218 | D:2      | Gained mutation: Your system is resistant to poisons.
                  | (rPois) [potion of mutation]
  1218 | D:2      | Gained mutation: You have hidden genetic potential. [potion
                  | of mutation]
  1411 | D:2      | Learned a level 3 spell: Spider Form
  1507 | D:3      | Reached XP level 5. HP: 33/33 MP: 6/9
  1577 | D:3      | Noticed Ijyb
  1585 | D:3      | Killed Ijyb
  1693 | D:3      | Gained mutation: Your flesh is heat resistant. (rF+)
                  | [hidden potential]
  1930 | D:3      | Found a broken altar of Ashenzari.
  2496 | D:3      | Learned a level 4 spell: Ice Form
  2503 | D:4      | You fall into a shaft and drop 1 floor!
  2503 | D:5      | Entered Level 5 of the Dungeon
  2509 | D:5      | Found a staircase to the Ecumenical Temple.
  2536 | Temple   | Entered the Ecumenical Temple
  2757 | D:5      | Noticed an ice beast
  2798 | D:5      | Reached XP level 6. HP: 23/39 MP: 6/10
  2865 | D:5      | Found a basalt altar of Yredelemnul.
  2877 | D:5      | Found a burning altar of Makhleb.
  2955 | D:5      | Gained mutation: You are robust. (+10% HP) [hidden
                  | potential]
  2955 | D:5      | Lost mutation: You have hidden genetic potential. [hidden
                  | potential expressed]
  3355 | D:5      | Killed an ice beast
  3356 | D:5      | Reached skill level 1 in Poison Magic
  3642 | D:4      | Identified a scroll of acquirement
  3643 | D:4      | Acquired 1154 gold pieces
  3688 | D:4      | Reached XP level 7. HP: 49/49 MP: 12/12
  3813 | D:4      | Reached skill level 5 in Unarmed Combat
  4501 | D:4      | Noticed Robin
  4512 | D:4      | Killed Robin
  5077 | D:3      | Became a worshipper of Ashenzari the Shackled
  5355 | D:6      | Reached XP level 8. HP: 47/57 MP: 10/13
  5426 | D:6      | Reached skill level 1 in Ice Magic
  5608 | D:6      | Found a bloodstained altar of Trog.
  5750 | D:6      | Found a shadowy altar of Dithmenos.
  5849 | D:7      | Noticed Duvessa
  5849 | D:7      | Noticed Dowan
  5959 | D:7      | Reached skill level 1 in Stealth
  5973 | D:7      | Killed from afar by Duvessa

Illustrated notes

Levels and vault maps discovered:
D:1:      dpeg_arrival_signposts, layout_rooms,
          shapermc_ecumenical_altar_hornbeckon, minmay_misc_feat_ornament,
          minmay_tripent
D:2:      layout_basic, uniq_sigmund, uniq_jessica
D:3:      layout_loops_ring, mainiacjoe_overflow_surrounded_room,
          serial_aquarium, aquarium_bridge_long_joined
          [aquarium_subvault_balcony, aquarium_subvault_window,
          aquarium_subvault_bridge, aquarium_subvault_bridge,
          aquarium_subvault_wall, aquarium_subvault_bridge],
          aquarium_window_fake, aquarium_window_fake, aquarium_window_2,
          aquarium_window_1, aquarium_view_2d, hex_medium, uniq_ijyb
D:4:      layout_basic, kennysheep_flooded_box, minmay_goblin_outpost,
          uniq_robin
D:5:      layout_loops_ring, mainiacjoe_overflow_big_doors,
          minmay_temple_entry_crystal_x, minmay_statues_item,
          mrwooster_statue_mirror
D:6:      layout_cave_pools, mainiacjoe_overflow_catwalk,
          nicolae_overflow_hidden_temple, grunt_ministairs_7, nrook_campfire
D:7:      layout_rooms, mainiacjoe_overflow_brackets,
          nicolae_concentric_dashed_squares_mild, kennysheep_generic_room_5,
          uniq_maggie, uniq_duvessa
Temple:   jpeg_temple_island

Skill      XL: |  1  2  3  4  5  6  7  8 |
---------------+-------------------------+-----
Unarmed Combat | 4 5 |  5.9
Spellcasting   | 3 |  3.6
Transmutations | 3 4 |  4.5
Fighting       | 2 3 |  3.4
Dodging        | 3 4 |  4.2
Poison Magic   | 1 2 |  2.0
Ice Magic      | 1 |  1.2
Stealth        | 1 |  1.2

Action                     |  1- 3 |  4- 6 |  7- 9 || total
---------------------------+-------+-------+-------++-------
  Melee: Unarmed           |    67 |   136 |   115 ||   318
         Kick              |    16 |    35 |    26 ||    77
         Constrict         |    17 |    32 |    24 ||    73
         Tentacles         |    16 |    18 |    14 ||    48
         Punch             |     1 |     3 |     2 ||     6
  Throw: Boomerang         |       |       |     3 ||     3
   Cast: Beastly Appendage |    17 |    33 |    16 ||    66
         Wereblood         |     1 |     1 |     6 ||     8
         Spider Form       |       |     2 |     6 ||     8
 Invoke: Curse Item        |       |       |     1 ||     1
    Use: Scroll            |       |    10 |       ||    10
         Potion            |       |     5 |       ||     5
   Stab: Sleeping          |     3 |     5 |     1 ||     9
 Armour: Skin              |     5 |    29 |     7 ||    41
  Dodge: Dodged            |    49 |    74 |   106 ||   229

Table legend: (Time is in decaauts)
 A = Elapsed time spent in this place.
 B = Non-inter-level travel time spent in this place.
 C = Inter-level travel time spent in this place.
 D = Time resting spent in this place.
 E = Time spent auto-exploring this place.
 F = Levels seen in this place.
 G = Mean time per level.
                   A        B        C        D        E       F      G
               +--------+--------+--------+--------+--------+-----+--------+
         Total |   5952 |   5448 |    504 |    269 |   4065 |   8 |  744.0 |
       Dungeon |   5802 |   5324 |    478 |    269 |   3949 |   7 |  828.9 |
        Temple |    149 |    123 |     26 |      0 |    116 |   1 |  149.0 |
               +--------+--------+--------+--------+--------+-----+--------+

Top non-repeatable levels by time:
     D:4: 1491 daAuts
     D:5: 1101 daAuts
     D:3: 1035 daAuts
     D:1: 1005 daAuts
     D:6: 608 daAuts
     D:2: 471 daAuts
  Temple: 149 daAuts
     D:7: 90 daAuts
